Map: Ascension to Aiur LE

Players

JustTRme - Winner!

  • Race: Zerg Zerg
  • League: Diamond
  • Spawn Location: 5:00

Juxtapose

  • Race: Protoss Protoss
  • League: Gold
  • Spawn Location: 11:00

VOD

https://youtu.be/4iWCcZEFwDI

Description

I'm surprised the system would match me up against such an opponent. Not only is he in Diamond 2 and I'm only in Gold 1, but this was not his "off Race," and my opponent's MMR is actually about 750 or so more than mine!

Knowing the kind of odds I was faced with, I simply played to see how well I'd do. Admittedly, I did find the match a bit intimidating and made many mistakes as a result.

Still though, a good learning process.

Time

  • Played on: Sept. 21, 2017, 7:04 p.m.
  • Length: 8:46
Show
View Real Time Build Order
Export as new Build Order

JustTRme Zerg - Winner!

Build Orders: Hatch First 

Get SALT Encoding   

  12  0:01  Drone  
  13  0:12  Overlord  
  13  0:18  Drone  
  14  0:32  Drone x2  
  16  0:38  Drone  
  17  0:53  Hatchery  
  16  0:58  Drone  
  16  1:00  Drone  
  18  1:18  Spawning Pool  
  17  1:20  Extractor, Drone  
  17  1:23  Drone  
  18  1:40  Drone x2  
  20  2:06  Zergling x4  
  20  2:08  Overlord, Queen x2  
  26  2:22  Drone x2  
  28  2:27  Drone  
  28  2:28  Metabolic Boost  
  29  2:30  Drone  
  29  2:35  Drone  
  31  2:42  Drone  
  32  2:47  Queen  
  32  2:49  Overlord  
  34  3:02  Drone x2  
  36  3:16  Queen  
  36  3:19  Hatchery  
  37  3:22  Drone x2  
  37  3:25  Drone x2  
  41  3:32  Drone x3  
  44  3:41  Lair  
  44  3:47  Overlord  
  44  4:06  Extractor  
  44  4:07  Extractor  
  44  4:08  Drone x5  
  47  4:10  Evolution Chamber x2  
  47  4:15  Drone x3  
  47  4:16  Overlord x2  
  48  4:33  Drone x2  
  48  4:34  Drone  
  48  4:36  Queen  
  49  4:47  Drone x2  
  50  4:53  Spore Crawler  
  50  4:57  Spore Crawler, Drone x3  
  50  4:58  Drone  
  52  5:05  Drone x3  
  55  5:08  Drone x8  
  55  5:10  Spore Crawler  
  62  5:17  Hydralisk Den  
  62  5:18  Zerg Missile Weapons Level 1  
  61  5:22  Zerg Ground Armor Level 1  
  61  5:37  Extractor, Drone x10  
  61  5:38  Extractor  
  69  5:46  Baneling Nest  
  68  5:50  Zergling x10  
  73  6:01  Muscular Augments  
  73  6:03  Drone  
  74  6:04  Overlord x2  
  74  6:05  Overlord  
  74  6:24  Zergling x20  
  84  6:34  Baneling x5  
  84  6:35  Centrifical Hooks, Baneling x4  
  78  6:57  Hydralisk x5  
  78  6:59  Overlord x2  
  88  7:06  Zergling x2  
  88  7:07  Zergling x8  
  93  7:15  Extractor  
  92  7:17  Hatchery  
  92  7:19  Drone  
  92  7:20  Drone x4  
  96  7:27  Baneling x6  
  96  7:30  Zergling x12  
  96  7:35  Overlord x3  
  102  7:38  Zergling x6  
  105  7:45  Baneling x9  
  105  7:48  Zergling x10  
  99  8:17  Hydralisk  
  99  8:18  Hydralisk x8  
Show
View Real Time Build Order
Export as new Build Order

Juxtapose Protoss 

Build Orders: Oracle Opening 

Get SALT Encoding   

  12  0:01  Probe (Chrono Boost)  
  13  0:12  Probe (Chrono Boost)  
  14  0:21  Pylon  
  14  0:22  Probe (Chrono Boost)  
  15  0:39  Probe (Chrono Boost)  
  15  0:41  Gateway  
  17  0:50  Probe (Chrono Boost)  
  17  0:55  Assimilator  
  17  1:01  Pylon  
  17  1:02  Probe (Chrono Boost)  
  18  1:12  Probe (Chrono Boost)  
  18  1:17  Assimilator  
  19  1:23  Probe (Chrono Boost)  
  20  1:26  Pylon  
  20  1:38  Probe (Chrono Boost)  
  21  1:48  Cybernetics Core, Probe (Chrono Boost)  
  24  1:54  Zealot  
  24  2:02  Probe (Chrono Boost)  
  24  2:07  Pylon  
  25  2:12  Probe (Chrono Boost)  
  26  2:21  Zealot  
  28  2:29  Stargate  
  28  2:32  Mothership Core (Chrono Boost)  
  29  2:49  Robotics Facility  
  28  3:03  Stalker  
  30  3:06  Warp Gate (Chrono Boost)  
  30  3:23  Oracle  
  33  3:36  Nexus  
  33  3:40  Pylon  
  32  4:00  Zealot  
  34  4:07  Probe  
  35  4:18  Pylon  
  35  4:19  Probe  
  35  4:22  Pylon  
  36  4:30  Gateway  
  36  4:32  Gateway  
  36  4:33  Observer  
  37  4:57  Warp Prism (Chrono Boost)  
  39  5:03  Probe  
  40  5:10  Probe  
  40  5:14  Probe  
  42  5:22  Probe  
  42  5:24  Probe  
  44  5:30  Immortal (Chrono Boost)  
  44  5:33  Twilight Council  
  44  5:34  Probe  
  44  5:35  Probe  
  50  5:45  Zealot x3  
  50  5:46  Probe  
  57  5:55  Probe  
  57  5:59  Probe  
  57  6:00  Assimilator  
  59  6:05  Robotics Bay, Assimilator  
  59  6:33  Zealot x3  
  55  7:00  Colossus (Chrono Boost)  
  53  7:07  Extended Thermal Lance (Chrono Boost)  
  59  7:09  Probe  
  60  7:21  Probe  
  61  7:32  Forge, Zealot x2  
  61  7:33  Zealot  
  67  7:45  Colossus  
  73  8:01  Probe  
  73  8:03  Probe  
  67  8:09  Zealot x3  
  63  8:13  Probe  
  63  8:15  Probe  
Tags
 
Add a new tag
Caveats
  • Supply blocks, unpowered buildings, or Contaminate may cause inaccurate times.
  • Supply counts are checked every 10 seconds.